 Dungeon Crawl Stone Soup version 0.30.0-29-ga12c61a403 (webtiles) character file.

Game seed: 1145185920716482842

118553 Revguard the Fighter (level 16, -3/144 HPs)
             Began as a Grey Draconian Transmuter on June 7, 2023.
             Slain by a sea snake (15 damage)
             ... on level 2 of the Shoals.
             The game lasted 01:56:52 (29261 turns).

Revguard the Fighter (Grey Draconian Transmuter)   Turns: 29261, Time: 01:56:54

Health: -3/144     AC: 23    Str: 16    XL:     16   Next: 25%
Magic:  33/33      EV: 18    Int: 22    God:
Gold:   2921       SH:  0    Dex: 17    Spells: 1/35 levels left

rFire   + .          .
                       - Unarmed
rCold   . . .        (no shield)
rNeg    . . .        (body armour unavailable)
rPois   +            (helmet restricted)
rElec   .            c - +2 cloak {Will+}
rCorr   .            T - +2 pair of gloves {Str+3}
SInv    .            p - +2 pair of boots "Xyataita" {Will+ Int+3 Slay+4}
Will    ++++.        w - amulet of magic regeneration
Stlth   ++           Y - ring of Dobbiut {rF+ Will+ Int+2 Dex+3}
HPRegen 0.44/turn    R - ring of wizardry
MPRegen 0.63/turn

%: wizardry (x1)
@: engulfed, studying Dodging
A: AC +14, amphibious, unfitting armour, cold-blooded, stinger 1, clumsy 1, high
MP 1, poison resistance
a: no special abilities


You were on level 2 of the Shoals.
You visited 6 branches of the dungeon, and saw 26 of its levels.
You also visited: Trove, Ossuary, Bailey, Gauntlet and Volcano.

You collected 2981 gold pieces.
You spent 60 gold pieces at shops.

Inventory:

Armour
 c - a +2 cloak of willpower (worn)
 p - the +2 pair of boots "Xyataita" (worn) {Will+ Int+3 Slay+4}
   (You acquired it on level 5 of the Dungeon)

   Int:       It affects your intelligence (+3).
   Slay:      It affects your accuracy & damage with ranged weapons and melee
   (+4).
   Will:      It increases your willpower.
 B - a +2 cloak of poison resistance
 T - a +2 pair of gloves of strength (worn)
Jewellery
 e - the ring "Egga" {Fire Str+2 Dex+4}
   (You took it off a minotaur in a Gauntlet)

   [ring of fire]

   It enhances your fire magic.
   Str:       It affects your strength (+2).
   Dex:       It affects your dexterity (+4).
   rF:        It protects you from fire.
   rC:        It makes you vulnerable to cold.
 g - a +4 ring of protection
 l - a ring of ice
 t - an amulet of reflection
 w - an amulet of magic regeneration (around neck)
 x - a ring of protection from cold
 M - a ring of willpower
 N - a ring of willpower
 R - a ring of wizardry (right hand)
 Y - the ring of Dobbiut (left hand) {rF+ Will+ Int+2 Dex+3}
   (You found it in a treasure trove)

   [ring of protection from fire]

   Int:       It affects your intelligence (+2).
   Dex:       It affects your dexterity (+3).
   rF:        It protects you from fire.
   Will:      It increases your willpower.
Wands
 d - a wand of mindburst (1)
 k - a wand of charming (7)
 y - a wand of flame (21)
 z - a wand of polymorph (3)
 C - a wand of roots (14)
 V - a wand of digging (9)
Scrolls
 b - 6 scrolls of fear
 f - 5 scrolls of teleportation
 j - 11 scrolls of enchant weapon
 q - 2 scrolls of torment
 r - 4 scrolls of poison
 s - 4 scrolls of fog
 v - 2 scrolls of butterflies
 D - 6 scrolls of immolation
 H - 5 scrolls of enchant armour
 I - 3 scrolls of brand weapon
 L - 16 scrolls of identify
 P - a scroll of silence
 U - 2 scrolls of magic mapping
Potions
 a - 4 potions of lignification
 h - 9 potions of brilliance
 i - 4 potions of flight
 m - 11 potions of curing
 A - a potion of ambrosia
 F - a potion of resistance
 O - 2 potions of cancellation
Miscellaneous
 Q - a lightning rod (4/4)


   Skills:
 + Level 13.4 Fighting
 + Level 10.6 Dodging
 + Level 12.2 Unarmed Combat
 + Level 10.1 Spellcasting
 + Level 8.5 Conjurations
 - Level 10.4 Transmutations
 - Level 2.4 Ice Magic
 + Level 11.9 Earth Magic
 + Level 10.4 Evocations


You had one spell level left.
You knew the following spells:

 Your Spells              Type           Power      Damage    Failure   Level
a - Iron Shot             Conj/Erth      27%        9d6       6%          6
b - Statue Form           Tmut/Erth      38%        N/A       3%          6
c - Borgnjor's Vile Clut  Necr/Erth      18%        N/A       6%          5
d - Lehudib's Crystal Sp  Conj/Erth      27%        10d7      90%         8
g - Petrify               Tmut/Erth      57%        N/A       1%          4
h - Lee's Rapid Deconstr  Erth           29%        3d15*     1%          5

Your spell library contained the following spells:

 Spells                   Type           Power      Damage    Failure   Level
 Beastly Appendage        Tmut           100%       N/A       1%          1
 Magic Dart               Conj           100%       1d8       1%          1
 Sandblast                Erth           100%       2d20      1%          1
 Passwall                 Tmut/Erth      47%        N/A       1%          2
 Searing Ray              Conj           96%        2d7       1%          2
 Wereblood                Tmut           55%        N/A       1%          2
 Dazzling Flash           Conj/Hex       58%        N/A       1%          3
 Hailstorm                Conj/Ice       35%        3d9       1%          3
 Ignite Poison            Fire/Tmut/Pois 26%        N/A       1%          3
 Spider Form              Tmut/Pois      34%        N/A       1%          3
 Stone Arrow              Conj/Erth      100%       3d13      1%          3
 Ice Form                 Ice/Tmut       39%        N/A       1%          4
 Iskenderun's Battlesphe  Conj           48%        2d10      1%          5
 Mephitic Cloud           Conj/Pois/Air  23%        N/A       2%          3
 Call Imp                 Summ           22%        N/A       3%          2
 Lesser Beckoning         Tloc           22%        N/A       3%          2
 Poisonous Vapours        Pois/Air       22%        N/A       3%          2
 Gell's Gravitas          Tloc           11%        N/A       8%          3
 Teleport Other           Tloc           11%        N/A       8%          3
 Volatile Blastmotes      Fire/Tloc      22%        2d11      8%          3
 Summon Ice Beast         Ice/Summ       16%        N/A       14%         4
 Freezing Cloud           Conj/Ice/Air   13%        6-21      16%         5
 Animate Dead             Necr           11%        N/A       24%         4
 Olgreb's Toxic Radiance  Pois           11%        N/A       24%         4
 Orb of Destruction       Conj           24%        9d9       50%         7
 Summon Mana Viper        Hex/Summ       11%        N/A       52%         5
 Simulacrum               Ice/Necr       8%         N/A       89%         6
 Spellforged Servitor     Conj/Summ      14%        N/A       96%         7
 Death Channel            Necr           5%         N/A       97%         6
 Haunt                    Necr/Summ      5%         N/A       100%        7
 Monstrous Menagerie      Summ           5%         N/A       100%        7
 Discord                  Hex            5%         N/A       100%        8
 Ignition                 Fire           5%         3d4       100%        8
 Infestation              Necr           5%         N/A       100%        8


Dungeon Overview and Level Annotations

Branches:
Dungeon (15/15)            Temple (1/1) D:5            Lair (5/5) D:10
 Shoals (2/4) Lair:2        Snake (0/4) Lair:3        Slime (1/5) Lair:4
    Orc (2/2) D:9             Elf (0/3) Orc:2        Vaults (0/5) D:13
 Depths (0/4) D:15        Ossuary (visited)          Bailey (visited)
Volcano (visited)         Gauntlet (visited)

Altars:
Ashenzari
Cheibriados
Dithmenos
Elyvilon
Fedhas
Gozag
Hepliaklqana
Kikubaaqudgha
Makhleb
Nemelex Xobeh
Okawaru
Qazlal
Ru
Sif Muna
Trog
Uskayaw
Vehumet
Wu Jian
Xom
Yredelemnul
Zin
The Shining One

Shops:
D:4 [   D:14 *   Orc:2 *[?=

Portals:
Pandemonium: Orc:2

Annotations:
Shoals:2 Ilsuiw


Innate Abilities, Weirdness & Mutations

Your dull iron-grey scales are very hard. (AC +14)
You are amphibious.
You cannot fit into any form of body armour.
You are cold-blooded and may be slowed by cold attacks.
Your tail ends in a venomous barb.
You are clumsy. (Dex -2)
You have an increased reservoir of magic. (+10% MP)
Your system is resistant to poisons. (rPois)


Message History

The sea snake barely misses you. The water elemental hits you.
The merfolk avatar chants a haunting song.
You resist with almost no effort.
You pummel the water elemental!! You tail-slap the water elemental.
The water elemental is severely damaged.
The sea snake bites you but does no damage. x2
The merfolk siren chants a haunting song.
You resist with almost no effort. The water elemental closely misses you.
A faun comes into view. It is wielding a +0 spear.
You completely miss the sea snake.
The sea snake is lightly wounded.
The sea snake closely misses you.
The merfolk avatar chants a haunting song.
You resist with some effort.
The merfolk siren chants a haunting song.
You resist with almost no effort.
The sea snake bites you but does no damage.
The water elemental closely misses you. The sea snake bites you.
* * * LOW HITPOINT WARNING * * *
You bump into the rock wall.
The sentinel's mark upon you fades away.
The sea snake bites you but does no damage.
The sea snake barely misses you.
The snapping turtle bites you but does no damage.
The sea snake bites you!
* * * LOW HITPOINT WARNING * * *
The snapping turtle bites you from afar.
* * * LOW HITPOINT WARNING * * *
The water elemental hits you!
* * * LOW HITPOINT WARNING * * *
The water elemental engulfs you in water!
The merfolk avatar chants a haunting song.
You resist with almost no effort.
You hit the sea snake.
Your tail-slap misses the sea snake.
Your punch misses the sea snake.
The sea snake is moderately wounded.
You feel less invigorated.
You feel less confused. The sea snake bites you!
You die...

~~≈≈≈≈≈ ~~≈≈≈~~
~~≈≈≈≈~~~
.~≈≈≈≈~~~≈≈≈~~.. #
.~~~≈≈≈~~≈≈≈~~~~ ..##
#c≈≈~~≈~~~≈≈≈~~~
.....####c≈≈~≈≈~~~≈≈≈≈≈~
..~?...#Et~≈≈≈~~~~≈≈≈≈≈c
~~~~~~~@SH~≈≈~~~~≈≈≈≈m≈~
~~~~.~mSStk≈k~~~≈~~~~~~.
.~~~~~~~~~~~m~~~~~.~~...
..~~~~~.#.~m~~k~~..~~..H
..~~~~~)#..~~~m~~~.~~..E
~~.~P~~~.~~~~~....>..###
.P~~~~~~~~~~~~.#>=.. #
#.~~P~~P~~~~~~..~~.
~~~~~~~~~~~~~~~~~


You could see a merfolk avatar, a merfolk impaler, 3 sea snakes, 2 snapping
turtles, 3 wind drakes, a merfolk, 2 fauns, a manticore, a water elemental and a
merfolk siren.

Vanquished Creatures
  A kraken (Shoals:1)
  Roxanne (Shoals:1)
  An orc warlord (Bailey)
  A reaper (Gauntlet)
  A stone giant (D:15)
  Nessos (Orc:2)
  A minotaur (Gauntlet)
  A red draconian (Volcano)
  A fire dragon (Lair:5)
  A merfolk impaler (Shoals:1)
  Fannar (Orc:1)
  3 centaur warriors
  8 vault guards (D:13)
  Erolcha (Orc:1)
  A demonspawn (Orc:2)
  4 hydras
  2 catoblepae
  5 two-headed ogres
  A boulder beetle (D:15)
  A death scarab (Gauntlet)
  The ghost of grizmgrazm2 the Thaumaturge, a journeyman DECj of Vehumet (Lair:2)
  2 tengu warriors (D:15)
  8 orc high priests (Orc:2)
  Sonja (D:11)
  A sun demon (Orc:2)
  A sixfirhy (Orc:2)
  3 skeletal warriors (D:15)
  3 skysharks
  2 sea snakes (Shoals:1)
  A naga ritualist (D:14)
  A spectral hydra (Gauntlet)
  3 bog bodies (Shoals:1)
  3 harpies (Shoals:1)
  A lindwurm (Lair:5)
  8 orc knights
  Pikel (D:5)
  3 deep elf pyromancers
  15 ugly things
  6 orc sorcerers (Orc:2)
  4 fauns (Shoals:1)
  5 manticores
  4 salamanders (Volcano)
  2 merfolk sirens (Shoals:1)
  7 cyclopes
  9 elephants
  8 black mambas
  A water nymph (Lair:2)
  2 rust devils (Orc:2)
  15 cane toads
  2 naga magi (D:14)
  5 torpor snails (Lair:5)
  3 gargoyles
  An unseen horror (D:12)
  2 rime drakes (Lair:4)
  Psyche (D:8)
  5 molten gargoyles (Volcano)
  2 kobold demonologists
  7 komodo dragons
  An ice devil (Orc:2)
  A freezing wraith (D:15)
  4 trolls
  A queen bee (Lair:2)
  2 hellwings (Gauntlet)
  5 polar bears
  Prince Ribbit (D:7)
  Grinder (D:3)
  2 merfolk (Shoals:1)
  A wind drake (Shoals:2)
  4 tyrant leeches (Lair:5)
  9 hornets
  2 snapping turtles (Shoals:1)
  9 blink frogs
  8 flying skulls (Gauntlet)
  12 slime creatures (D:13)
  A shadow (D:13)
  2 vampires
  A spriggan (shapeshifter) (D:13)
  4 wraiths
  3 wyverns
  3 basilisks
  30 yaks
  A steam dragon (D:8)
  A warg (Orc:2)
  A neqoxec (Orc:2)
  8 vampire mosquitoes
  Edmund (D:5)
  A naga (D:14)
  2 acid dragons
  11 water moccasins
  Duvessa (D:5)
  30 orc warriors
  2 sky beasts
  A black bear (D:7)
  An ice beast (D:6)
  8 ogres
  15 wolves
  6 centaurs
  A phantom (D:6)
  A lemure (D:5)
  3 kobold brigands
  2 elf zombies (Ossuary)
  12 bullfrogs
  A gnoll sergeant (D:5)
  2 scorpions
  Dowan (D:5)
  18 killer bees
  3 howler monkeys
  3 electric eels
  A human zombie (Ossuary)
  3 hounds
  A jelly (D:7)
  Crazy Yiuf (D:5)
  22 orc priests
  3 sleepcaps
  Ijyb (D:3)
  3 iguanas
  Natasha (thrice) (D:3)
  16 orc wizards
  4 mummies (Ossuary)
  15 gnolls
  11 adders
  A shadow imp (D:5)
  A white imp (D:5)
  An ufetubus (D:5)
  A worm (D:2)
  3 dart slugs
  102 orcs
  7 endoplasms
  3 giant cockroaches
  A gnoll zombie (Ossuary)
  13 hobgoblins
  20 kobolds
  3 quokkas
  10 ball pythons
  6 bats
  2 frilled lizards (D:3)
  16 goblins
  A goblin zombie (Ossuary)
  2 hobgoblin zombies (Ossuary)
  A jackal zombie (Ossuary)
  A kobold zombie (Ossuary)
  An orc zombie (Ossuary)
  11 rats
  2 rat zombies (Ossuary)
  A butterfly (D:8)
  5 tentacles
729 creatures vanquished.

Vanquished Creatures (others)
  A kraken (Shoals:2)
  29 tentacles
30 creatures vanquished.

Grand Total: 759 creatures vanquished

Notes
Turn   | Place    | Note
-------+----------+-------------------------------------------
     0 | D:1      | Revguard the Draconian Transmuter began the quest for the
                  | Orb.
     0 | D:1      | Reached XP level 1. HP: 16/16 MP: 3/3
   289 | D:1      | Found a faded altar of an unknown god.
   672 | D:2      | Reached XP level 2. HP: 17/23 MP: 3/5
   739 | D:2      | Learned a level 2 spell: Wereblood
   836 | D:2      | Reached XP level 3. HP: 11/29 MP: 3/6
  1025 | D:2      | Gained mutation: You have a pair of small horns on your
                  | head. [potion of mutation]
  1025 | D:2      | Gained mutation: Your muscles are strong. (Str +4, Int/Dex
                  | -1) [potion of mutation]
  1453 | D:2      | Reached skill level 2 in Fighting
  1457 | D:2      | Identified the +4 ring mail of the Blizzard {Drain +Blink
                  | Str+4}
  1579 | D:3      | Noticed Natasha
  1590 | D:3      | Killed Natasha
  1591 | D:3      | Reached skill level 1 in Ice Magic
  1591 | D:3      | Reached XP level 4. HP: 33/36 MP: 2/7
  1662 | D:3      | Learned a level 4 spell: Ice Form
  1797 | D:3      | Reached XP level 5. HP: 42/42 MP: 6/9
  1931 | D:3      | Noticed Natasha
  1939 | D:3      | Killed Natasha
  2260 | D:3      | Noticed Natasha
  2268 | D:3      | Killed Natasha
  2321 | D:3      | Noticed Ijyb
  2331 | D:3      | Killed Ijyb
  2458 | D:3      | Reached XP level 6. HP: 47/50 MP: 8/10
  2466 | D:3      | Reached skill level 3 in Fighting
  2507 | D:3      | Noticed Grinder
  2523 | D:3      | Killed Grinder
  2524 | D:3      | Reached skill level 1 in Evocations
  2524 | D:3      | Your scales start taking on a dull iron-grey colour.
  2524 | D:3      | Reached XP level 7. HP: 50/57 MP: 10/12
  2841 | D:4      | Identified the +1 robe "Tuuraume" {Regen+ rCorr}
  2852 | D:4      | Found a blossoming altar of Fedhas.
  2869 | D:4      | Reached skill level 1 in Earth Magic
  2905 | D:4      | Found an ancient bone altar of Kikubaaqudgha.
  2907 | D:4      | Found a sacrificial altar of Ru.
  2907 | D:4      | Found a basalt altar of Yredelemnul.
  2921 | D:4      | Found a radiant altar of Vehumet.
  2922 | D:4      | Found an opulent altar of Gozag.
  3422 | D:4      | Found Vemajauc's Antique Armour Emporium.
  3483 | D:5      | Entered Level 5 of the Dungeon
  3572 | D:5      | Found a runed translucent door.
  3573 | D:5      | Noticed Crazy Yiuf
  3586 | D:5      | Killed Crazy Yiuf
  3776 | D:5      | Noticed Pikel
  3808 | D:5      | Killed Pikel
  3809 | D:5      | Reached skill level 4 in Fighting
  3809 | D:5      | Reached XP level 8. HP: 51/67 MP: 12/14
  3819 | D:5      | Found a sand-covered staircase.
  3828 | Ossuary  | Entered an ossuary
  3864 | Ossuary  | Reached skill level 5 in Unarmed Combat
  4155 | D:5      | Identified a scroll of acquirement
  4155 | D:5      | Acquired the +2 pair of boots "Xyataita" {Will+ Int+3
                  | Slay+4}
  4183 | D:5      | Found a staircase to the Ecumenical Temple.
  4214 | Temple   | Entered the Ecumenical Temple
  4214 | Temple   | Found a transporter.
  4214 | Temple   | Found a transporter.
  4219 | Temple   | Found a transporter.
  4219 | Temple   | Found a transporter.
  4311 | D:5      | Noticed Dowan
  4312 | D:5      | Noticed Duvessa
  4326 | D:5      | Killed Duvessa
  4335 | D:5      | Killed Dowan
  4336 | D:5      | Reached skill level 5 in Fighting
  4413 | D:5      | Noticed Edmund
  4446 | D:5      | Killed Edmund
  4447 | D:5      | Reached XP level 9. HP: 61/74 MP: 15/15
  4539 | D:5      | Found a stormy altar of Qazlal.
  4576 | D:5      | Reached skill level 5 in Transmutations
  5270 | D:6      | Found a sparkling altar of Nemelex Xobeh.
  5778 | D:7      | Reached skill level 5 in Spellcasting
  6076 | D:7      | Reached skill level 5 in Dodging
  6178 | D:7      | Found a bloodstained altar of Trog.
  6192 | D:7      | Noticed Prince Ribbit
  6207 | D:7      | Killed Prince Ribbit
  6208 | D:7      | Reached skill level 5 in Earth Magic
  6215 | D:7      | Reached skill level 6 in Fighting
  6992 | D:8      | Reached XP level 10. HP: 59/83 MP: 18/18
  7159 | D:8      | Found a flagged portal.
  7177 | Bailey   | Entered a bailey
  7202 | Bailey   | Noticed an orc knight
  7222 | Bailey   | Killed an orc knight
  7223 | Bailey   | Reached skill level 5 in Evocations
  7497 | Bailey   | Noticed an orc knight
  7528 | Bailey   | Killed an orc knight
  7555 | Bailey   | Reached skill level 7 in Fighting
  7661 | Bailey   | Noticed an orc warlord
  7690 | Bailey   | Killed an orc warlord
  7891 | Bailey   | Identified the +3 robe of the Moon Troll {rC+ Dex+5}
  7903 | Bailey   | Reached skill level 9 in Fighting
  7903 | Bailey   | Reached XP level 11. HP: 99/99 MP: 20/20
  7980 | D:8      | Found a white marble altar of Elyvilon.
  7980 | D:8      | Noticed Psyche
  7985 | D:8      | Killed Psyche
  8026 | D:8      | Found a shimmering altar of Xom.
  8741 | D:9      | Noticed a two-headed ogre
  8742 | D:9      | Noticed a two-headed ogre
  8762 | D:9      | Killed a two-headed ogre
  8763 | D:9      | Reached skill level 1 in Conjurations
  8767 | D:9      | Killed a two-headed ogre
  8768 | D:9      | Reached XP level 12. HP: 96/106 MP: 21/21
  8911 | D:9      | Found a staircase to the Orcish Mines.
  9275 | D:10     | Entered Level 10 of the Dungeon
  9280 | D:10     | Identified the +2 short sword "Ymaytem" {flame, Dex+2 SInv}
  9470 | D:10     | Reached skill level 10 in Fighting
  9755 | D:10     | Found a staircase to the Lair.
 10071 | Lair:1   | Entered Level 1 of the Lair of Beasts
 11846 | Lair:2   | Noticed grizmgrazm2's ghost (journeyman DECj)
 11847 | Lair:2   | Found a transporter.
 11851 | Lair:2   | Found a transporter.
 12246 | Lair:2   | Learned a level 6 spell: Iron Shot
 12410 | Lair:3   | Found a dark tunnel.
 12415 | Volcano  | Entered a volcano
 12846 | Volcano  | Noticed an orb of fire
 12856 | Volcano  | Reached XP level 13. HP: 81/114 MP: 23/23
 12858 | Volcano  | Noticed a red draconian
 12886 | Volcano  | Killed a red draconian
 13172 | Volcano  | Noticed an orb of fire
 13273 | Volcano  | Learned a level 5 spell: Iskenderun's Battlesphere
 13354 | Lair:3   | Found a staircase to the Snake Pit.
 13595 | Lair:3   | Reached skill level 10 in Unarmed Combat
 13847 | Lair:3   | Found a shimmering altar of Xom.
 14315 | Lair:4   | Found a staircase to the Slime Pits.
 14333 | Lair:4   | Reached skill level 11 in Fighting
 14465 | Slime:1  | Entered Level 1 of the Pits of Slime
 14465 | Slime:1  | Noticed a rockslime
 15163 | Lair:5   | Entered Level 5 of the Lair of Beasts
 15418 | Lair:5   | Reached skill level 5 in Conjurations
 15582 | Lair:5   | Found a gate leading to a gauntlet.
 15592 | Gauntlet | Entered a Gauntlet
 15592 | Gauntlet | Found a transporter.
 15592 | Gauntlet | Found a transporter.
 15596 | Gauntlet | Found a transporter.
 15597 | Gauntlet | Found a transporter.
 15606 | Gauntlet | Found a transporter.
 15621 | Gauntlet | Found a transporter.
 15629 | Gauntlet | Found a transporter.
 15631 | Gauntlet | Found a transporter.
 15631 | Gauntlet | Found a transporter.
 15635 | Gauntlet | Found a transporter.
 15641 | Gauntlet | Noticed a reaper
 15675 | Gauntlet | Found a transporter.
 15710 | Gauntlet | Found a transporter.
 15724 | Gauntlet | Found a transporter.
 15737 | Gauntlet | Found a transporter.
 15824 | Gauntlet | Found a transporter.
 15826 | Gauntlet | Found a large runed translucent door.
 15826 | Gauntlet | Found a large runed translucent door.
 15827 | Gauntlet | Found a large runed translucent door.
 15827 | Gauntlet | Found a large runed translucent door.
 15828 | Gauntlet | Found a runed translucent door.
 15828 | Gauntlet | Found a large runed translucent door.
 15828 | Gauntlet | Found a large runed translucent door.
 15828 | Gauntlet | Found a runed translucent door.
 15828 | Gauntlet | Found a large runed translucent door.
 15828 | Gauntlet | Found a large runed translucent door.
 15829 | Gauntlet | Found a large runed translucent door.
 15829 | Gauntlet | Found a large runed translucent door.
 15832 | Gauntlet | Found a large runed translucent door.
 15832 | Gauntlet | Found a large runed translucent door.
 15834 | Gauntlet | Found a large runed translucent door.
 15834 | Gauntlet | Found a large runed translucent door.
 15834 | Gauntlet | Found a large runed translucent door.
 15836 | Gauntlet | Found a runed translucent gate.
 15836 | Gauntlet | Found a runed translucent gate.
 15836 | Gauntlet | Found a runed translucent gate.
 15838 | Gauntlet | Found a transporter.
 15849 | Gauntlet | Found a large runed translucent door.
 16066 | Gauntlet | Identified the +1 hat of Carved Satisfaction {Harm rElec
                  | rF+++ Slay-3}
 16483 | Gauntlet | Killed a reaper
 16494 | Gauntlet | Got Sif Muna's Handbook of Snow and the Barrage
 16498 | Gauntlet | Identified the +0 pair of boots of Paranoia {Rampage Str+3
                  | Int+3}
 16515 | Gauntlet | Identified the +10 quarterstaff of Gyas {freeze, Fly}
 16515 | Gauntlet | Identified the ring "Egga" {Fire Str+2 Dex+4}
 16515 | Gauntlet | Noticed a minotaur
 16530 | Gauntlet | Killed a minotaur
 16918 | Lair:5   | Learned a level 3 spell: Stone Arrow
 16921 | Lair:5   | Learned a level 2 spell: Passwall
 17274 | Lair:5   | Reached XP level 14. HP: 124/124 MP: 19/26
 17664 | Lair:5   | Found a runed translucent door.
 18336 | Lair:5   | Learned a level 5 spell: Borgnjor's Vile Clutch
 18819 | D:11     | Noticed Sonja
 18821 | D:11     | Killed Sonja
 19083 | D:11     | Reached skill level 12 in Fighting
 19674 | D:12     | Reached skill level 10 in Earth Magic
 20402 | D:13     | Found a gate to the Vaults.
 20968 | D:13     | Found a portal to a secret trove of treasure.
 21095 | D:13     | Identified the +8 chain mail of the New World {rF+ Regen+}
 21634 | Lair:2   | Killed grizmgrazm2's ghost
 22042 | D:13     | Reached XP level 15. HP: 107/134 MP: 4/28
 22477 | D:14     | Got the Vellum of Incendiary Geomancy
 22506 | D:14     | Learned a level 4 spell: Petrify
 22512 | D:14     | Learned a level 5 spell: Lee's Rapid Deconstruction
 22936 | D:14     | Found Maizxu's Serpentskin Sales.
 22949 | D:14     | Reached skill level 10 in Transmutations
 23132 | D:15     | Entered Level 15 of the Dungeon
 23344 | D:15     | Found a radiant altar of Vehumet.
 24217 | D:15     | Found a staircase to the Depths.
 24233 | D:15     | Reached skill level 10 in Dodging
 24435 | D:13     | You paid a toll of 8 potions of haste to enter a treasure
                  | trove
 24436 | Trove    | Entered a treasure trove
 24486 | Trove    | Identified the ring of Dobbiut {rF+ Will+ Int+2 Dex+3}
 24518 | Trove    | Identified the +0 hat "Apif Asu" {+Inv rN+ Will- Str+2}
 24674 | Orc:1    | Entered Level 1 of the Orcish Mines
 24864 | Orc:1    | Noticed Fannar
 24878 | Orc:1    | Killed Fannar
 24920 | Orc:1    | Noticed Erolcha
 24928 | Orc:1    | Killed Erolcha
 25106 | Orc:2    | Entered Level 2 of the Orcish Mines
 25107 | Orc:2    | Found a staircase to the Elven Halls.
 25128 | Orc:2    | Noticed Nessos
 25137 | Orc:2    | Killed Nessos
 25362 | Orc:2    | Found Roggete's Magic Scroll Shoppe.
 25377 | Orc:2    | Found Pedghep's General Store.
 25439 | Orc:2    | Reached skill level 13 in Fighting
 25473 | Orc:2    | Bought a scroll of amnesia for 60 gold pieces
 26295 | Orc:2    | Learned a level 8 spell: Lehudib's Crystal Spear
 26405 | Orc:2    | Reached skill level 10 in Evocations
 27177 | Orc:2    | Found Giafuc's Jewellery Boutique.
 27177 | Orc:2    | Found Lyblu's Antique Armour Shop.
 27178 | Orc:2    | Found a one-way gate leading to the halls of Pandemonium.
 27297 | Shoals:1 | Entered Level 1 of the Shoals
 27327 | Shoals:1 | Reached XP level 16. HP: 109/144 MP: 29/29
 27534 | Shoals:1 | Noticed a kraken
 27555 | Shoals:1 | HP: 3/144 [tentacle[a kraken] (10)]
 27883 | Shoals:1 | Killed a kraken
 27924 | Shoals:1 | Identified Roxanne's Anthology of Sculpting
 27924 | Shoals:1 | Noticed Roxanne
 27938 | Shoals:1 | Killed Roxanne
 27969 | Shoals:1 | Learned a level 6 spell: Statue Form
 28173 | Shoals:1 | Reached skill level 10 in Spellcasting
 29161 | Shoals:1 | Lost mutation: You have a pair of small horns on your head.
                  | [potion of mutation]
 29161 | Shoals:1 | Lost mutation: Your muscles are strong. (Str +4, Int/Dex
                  | -1) [potion of mutation]
 29161 | Shoals:1 | Gained mutation: You occasionally shout uncontrollably at
                  | your foes. [potion of mutation]
 29161 | Shoals:1 | Gained mutation: You have hidden genetic defects. [potion
                  | of mutation]
 29161 | Shoals:1 | Gained mutation: You are clumsy. (Dex -2) [potion of
                  | mutation]
 29162 | Shoals:1 | Lost mutation: You occasionally shout uncontrollably at
                  | your foes. [potion of mutation]
 29162 | Shoals:1 | Lost mutation: You are clumsy. (Dex -2) [potion of
                  | mutation]
 29162 | Shoals:1 | Lost mutation: You have hidden genetic defects. [potion of
                  | mutation]
 29162 | Shoals:1 | Gained mutation: You passively map a small area around you.
                  | [potion of mutation]
 29162 | Shoals:1 | Gained mutation: You have sharp toenails. [potion of
                  | mutation]
 29162 | Shoals:1 | Gained mutation: You passively map the area around you.
                  | [potion of mutation]
 29163 | Shoals:1 | Lost mutation: You passively map the area around you.
                  | [potion of mutation]
 29163 | Shoals:1 | Lost mutation: You have sharp toenails. [potion of
                  | mutation]
 29163 | Shoals:1 | Lost mutation: You passively map a small area around you.
                  | [potion of mutation]
 29163 | Shoals:1 | Gained mutation: You are vulnerable to cold. (rC-) [potion
                  | of mutation]
 29164 | Shoals:1 | Lost mutation: You are vulnerable to cold. (rC-) [potion of
                  | mutation]
 29164 | Shoals:1 | Gained mutation: You are clumsy. (Dex -2) [potion of
                  | mutation]
 29164 | Shoals:1 | Gained mutation: You have an increased reservoir of magic.
                  | (+10% MP) [potion of mutation]
 29164 | Shoals:1 | Gained mutation: Your system is resistant to poisons.
                  | (rPois) [potion of mutation]
 29164 | Shoals:1 | Gained mutation: Your tail ends in a venomous barb. [potion
                  | of mutation]
 29188 | Shoals:2 | Noticed a kraken
 29236 | Shoals:2 | Noticed Ilsuiw
 29240 | Shoals:2 | Killed a kraken
 29254 | Shoals:2 | HP: 5/144 [sea snake (13)]
 29261 | Shoals:2 | Slain by a sea snake

Illustrated notes

Levels and vault maps discovered:
D:1:      dpeg_arrival_connections, layout_basic,
          chequers_ecumenical_altar_simple
D:2:      layout_basic
D:3:      layout_basic, minmay_misc_feat_chi, minmay_joined_circles,
          uniq_natasha, uniq_ijyb, uniq_grinder
D:4:      layout_rooms, grunt_temple_overflow_open, fedhas_altar_fruit_tree,
          serial_shops, nicolae_shop_real_fake_doors
D:5:      layout_rooms, kennysheep_mini, minmay_temple_entry_water_ring,
          enter_ossuary_3, minmay_starry_boxes, uniq_edmund, uniq_duvessa,
          uniq_pikel, uniq_crazy_yiuf_cottage
D:6:      layout_basic, lemuel_crystal_altar, kennysheep_another_room
D:7:      statuecave_lemuel, layout_basic, mainiacjoe_overflow_small_starburst,
          uniq_prince_ribbit1
D:8:      layout_basic, xom_butterflies, nicolae_elyvilon_peaceful_grove,
          enter_bailey_5, nzn_life_drinkers, uniq_psyche
D:9:      layout_cave_pools, orc_0_dummy
D:10:     layout_gridville, dpeg_oklobed_lair
D:11:     layout_rooms, uniq_sonja
D:12:     layout_cave_pools
D:13:     layout_roguey, erik_vaults_2, serial_aquarium, aquarium_bridge_square
          [aquarium_subvault_wall, aquarium_subvault_window,
          aquarium_subvault_bridge, aquarium_subvault_window],
          aquarium_window_fake, aquarium_window_3, aquarium_window_1,
          aquarium_window_1, aquarium_view_2d, aquarium_view_2e,
          nicolae_trove_entry_free_sample
D:14:     layout_cave_pools, hex_medium, guppyfry_shop_venom
D:15:     grunt_enter_depths_snipers, layout_long_grid, nicolae_vehumet_radiance
Temple:   hellmonk_temple_divided_pantheon
Lair:1:   layout_regular_city, gammafunk_lair_bear_cave
Lair:2:   layout_concentric_octagons, nicolae_shoals_entry_flooding,
          gammafunk_ghost_hive
Lair:3:   layout_long_grid, dummy_snake_entry, enter_volcano_4, basic_altar,
          chequers_serial_rivers_micro_b, beast_lair_carwin_6
Lair:4:   layout_hall_layers, slime_entry_1, serial_rivers,
          chequers_serial_rivers_micro_e, chequers_serial_rivers_small_a,
          chequers_serial_rivers_micro_b, chequers_serial_rivers_small_b,
          mumra_transporter_accident, minmay_holes
Lair:5:   wormcave, layout_big_grid, gauntlet_entry_generic
Shoals:1: layout_shoals, nicolae_shoals_lost_giant_baths,
          nicolae_shoals_secluded_bog, uniq_roxanne
Shoals:2: cheibrodos_shoals_oceanic_diplomacy, layout_shoals, uniq_polyphemus,
          uniq_ilsuiw
Slime:1:  layout_caves
Orc:1:    layout_diamond_mine, mines2_david, uniq_erolcha, uniq_fannar
Orc:2:    pf_orc_diabolical, layout_caves, mines4_lemuel, uniq_nessos

Skill      XL: |  1  2  3  4  5  6  7  8  9 10 11 12 13 14 15 16 |
---------------+-------------------------------------------------+-----
Dodging        | 2 3 4 5 6 7 8 9 10 | 10.6
Fighting       | 2 3 4 5 6 9 10 11 12 13 | 13.4
Ice Magic      | 1 2 |  2.4
Transmutations | 3 4 5 6 7 8 9 10 | 10.4
Spellcasting   | 3 4 5 6 7 8 9 10 | 10.1
Unarmed Combat | 4 5 6 8 9 10 11 12 | 12.2
Evocations     | 1 2 3 4 5 6 7 8 9 10 | 10.4
Earth Magic    | 2 3 5 6 8 9 10 11 | 11.9
Conjurations   | 1 3 5 6 8 |  8.5

Action                     |  1- 3 |  4- 6 |  7- 9 | 10-12 | 13-15 | 16-18 || total
---------------------------+-------+-------+-------+-------+-------+-------++-------
  Melee: Unarmed           |   108 |   123 |   462 |   520 |  1083 |    94 ||  2390
         Tailslap          |     8 |    11 |    53 |   105 |   228 |    18 ||   423
         Kick              |     8 |     2 |       |       |       |       ||    10
         Headbutt          |    12 |    28 |   108 |   132 |   344 |    20 ||   644
         Punch             |     1 |     5 |    18 |    39 |    97 |     3 ||   163
   Cast: Beastly Appendage |     9 |     1 |       |       |       |       ||    10
         Wereblood         |     1 |     3 |     5 |    12 |    19 |       ||    40
         Stone Arrow       |       |       |       |       |    39 |       ||    39
         Iskenderun's Batt |       |       |       |       |     3 |       ||     3
         Iron Shot         |       |       |       |       |    11 |    16 ||    27
         Ice Form          |       |       |       |       |     1 |       ||     1
         Borgnjor's Vile C |       |       |       |       |    56 |     2 ||    58
         Passwall          |       |       |       |       |     1 |       ||     1
         Lee's Rapid Decon |       |       |       |       |    43 |    16 ||    59
         Petrify           |       |       |       |       |    17 |     3 ||    20
         Statue Form       |       |       |       |       |       |     3 ||     3
  Evoke: Wand              |       |     2 |     1 |    16 |    33 |     4 ||    56
         Lightning rod     |       |       |       |       |     6 |       ||     6
    Use: Scroll            |     8 |     3 |     9 |     3 |    13 |     7 ||    43
         Potion            |     1 |     2 |     8 |     4 |    12 |     7 ||    34
   Stab: Sleeping          |     1 |     1 |     1 |     1 |     1 |       ||     5
         Invisible         |       |     4 |       |     5 |     2 |       ||    11
         Petrified         |       |       |       |       |    23 |     2 ||    25
         Petrifying        |       |       |       |       |     5 |       ||     5
         Distracted        |       |       |       |       |     1 |       ||     1
 Armour: Skin              |    49 |    41 |   249 |   214 |   610 |    94 ||  1257
  Dodge: Dodged            |    87 |    61 |   325 |   367 |   964 |   155 ||  1959
  Block: Other             |       |       |    20 |   128 |   247 |       ||   395
         Reflection        |       |       |       |     6 |     5 |       ||    11
